 Dungeon Crawl Stone Soup version 0.22.1-6-g1668fe2c40 (webtiles) character file.

404 LabCoat the Cudgeler (level 7, 0/52 HPs)
             Began as a Human Fighter on Jan 22, 2019.
             Succumbed to a worker ant's poison
             ... on level 4 of the Dungeon.
             The game lasted 00:22:09 (3148 turns).

LabCoat the Cudgeler (Human Fighter)                Turns: 3148, Time: 00:22:09

Health: 0/52       AC: 11    Str: 23    XL:     7   Next: 12%
Magic:  7/7        EV:  8    Int:  8    God:
Gold:   189        SH: 10    Dex: 13    Spells: 6/6 levels left

rFire    . . .     SeeInvis .   a - +1 flail
rCold    . . .     Gourm    .   c - +0 shield
rNeg     . . .     Faith    .   b - +0 scale mail
rPois    +         Spirit   .   h - +0 helmet
rElec    .         Reflect  .   e - +2 cloak {MR+}
rCorr    .         Harm     .   (no gloves)
MR       +....                  (no boots)
Stlth    +.........             (no amulet)
HPRegen  0.17/turn              k - ring of poison resistance
MPRegen  0.10/turn              (no ring)

@: mighty, lethally poisoned (0 -> -1)
A: no striking features
a: no special abilities


You were on level 4 of the Dungeon.
You were hungry.

You visited 1 branch of the dungeon, and saw 4 of its levels.

You collected 189 gold pieces.

Inventory:

Hand Weapons
 a - a +1 flail (weapon)
 m - a +4 falchion of holy wrath
Missiles
 l - 4 tomahawks (quivered)
Armour
 b - a +0 scale mail (worn)
 c - a +0 shield (worn)
 e - a +2 cloak of magic resistance (worn)
 h - a +0 helmet (worn)
Jewellery
 k - a ring of poison resistance (left hand)
Scrolls
 i - 3 scrolls of remove curse
 j - a scroll of identify
Comestibles
 f - 8 rations
 g - 9 chunks of flesh


   Skills:
 + Level 3.5 Fighting
 + Level 4.2 Maces & Flails
 * Level 4.0 Armour
 + Level 1.9 Dodging
 * Level 3.0 Stealth
 + Level 3.8 Shields


You had 6 spell levels left.
You didn't know any spells.
Your spell library was empty.

Dungeon Overview and Level Annotations

Branches:
Dungeon (4/15)
 Temple: D:4-7

Altars:
Okawaru


Message History

Your Armour skill increases to level 4!
Your Stealth skill increases to level 3!
* * * LOW HITPOINT WARNING * * *
You feel sick.
You sock the worm!
The worm is almost dead.
You block the worm's attack.
You barely miss the worm.
The worm is severely wounded.
* * * LOW HITPOINT WARNING * * *
You feel sick. The worm bites you but does no damage.
You sock the worm!
You kill the worm!
* * * LOW HITPOINT WARNING * * *
You feel sick.
Things that are here:
a worm corpse; a quokka corpse
* * * LOW HITPOINT WARNING * * *
You feel sick.
You die...

#'## ...######
...#####......#
...#...+......#
...'...#......#
...#...#......#
...#...#......######
...#...#####'#†....#
...#....#....#.....##########
...#....'....#..@.....[.....#
...#...##...[#.............#
...#...#######.............#
...#...##... ######........#
...#........ #........##
..)#........ #.........#
...'........ #.........#
...#........ #.........#
...#'####+### #.........#####


There were no monsters in sight!

Vanquished Creatures
  An ogre (D:4)
  A bullfrog (D:3)
  Crazy Yiuf (D:3)
  3 worker ants (D:4)
  4 adders
  2 oozes (D:2)
  2 worms (D:4)
  4 dart slugs
  2 leopard geckos
  10 orcs
  A ball python (D:3)
  10 bats
  4 giant cockroaches
  7 goblins
  8 hobgoblins
  4 jackals (D:1)
  3 quokkas
  7 frilled lizards
  8 kobolds
  6 rats
88 creatures vanquished.

Vanquished Creatures (others)
  2 fungi (D:3)
2 creatures vanquished.

Grand Total: 90 creatures vanquished

Notes
Turn   | Place    | Note
-------+----------+-------------------------------------------
     0 | D:1      | LabCoat the Human Fighter began the quest for the Orb.
     0 | D:1      | Reached XP level 1. HP: 18/18 MP: 1/1
   117 | D:1      | Reached XP level 2. HP: 23/24 MP: 2/2
   449 | D:1      | Reached XP level 3. HP: 29/29 MP: 3/3
   925 | D:1      | Reached skill level 1 in Stealth
  1172 | D:2      | Reached XP level 4. HP: 35/35 MP: 4/4
  1227 | D:2      | Reached skill level 1 in Dodging
  1405 | D:2      | Found an iron altar of Okawaru.
  2229 | D:3      | Noticed a bullfrog
  2252 | D:3      | Killed a bullfrog
  2252 | D:3      | Reached XP level 5. HP: 19/41 MP: 5/5
  2490 | D:3      | Found a runed door.
  2494 | D:3      | Noticed Crazy Yiuf
  2499 | D:3      | Killed Crazy Yiuf
  2499 | D:3      | Reached XP level 6. HP: 46/47 MP: 6/6
  3098 | D:4      | Noticed an ogre
  3110 | D:4      | Killed an ogre
  3110 | D:4      | Reached XP level 7. HP: 17/52 MP: 7/7
  3136 | D:4      | HP: 2/52 [poisoned by a worker ant]
  3144 | D:4      | HP: 1/52 [poisoned by a worker ant]
  3148 | D:4      | Succumbed to a worker ant's poison

Skill      XL: |  1  2  3  4  5  6  7 |
---------------+----------------------+-----
Stealth        | 1 2 3 |  3.0
Dodging        | 1 |  1.9
Maces & Flails | 3 4 |  4.2
Armour         | 4 |  4.0
Fighting       | |  3.5
Shields        | |  3.8

Action                   |  1- 3 |  4- 6 |  7- 9 || total
-------------------------+-------+-------+-------++-------
Melee: Flail             |   132 |   222 |    14 ||   368
  Use: Scroll            |     4 |     7 |       ||    11
       Potion            |       |     4 |     1 ||     5
  Eat: Chunk             |     1 |     3 |       ||     4
       Ration            |       |     1 |       ||     1
Armor: Scale mail        |    75 |   101 |    11 ||   187
Dodge: Dodged            |    46 |    79 |     2 ||   127
Block: Shield            |    74 |   116 |    11 ||   201
